 Dungeon Sprint DCSS version 0.05-5-g1455f61281 (webtiles) character file.

Game seed: 17803826196721290737, levelgen mode: deterministic

1894 diana the Arsonist (level 9, -21/71 HPs) Octopode Fire Elementalist. Began on May 27, 2021. Was a High Priest of Vehumet. Killed from afar by Hathups the pandemonium lord (54 damage) ... with a great icy blast ... in the Dungeon (Sprint V: "Ziggurat Sprint"). The game lasted 00:05:55 (476 turns).

diana the Arsonist (Octopode Fire Elementalist)      Turns: 476, Time: 00:05:56

Health: -21/71     AC:  1    Str: 18    XL:     9 ^: 1942
Magic:  16/24      EV: 19    Int: 30    God:    Vehumet [5* [126]]
Gold:   0          SH:  0    Dex: 22    Spells: 14/30 levels left

rFire    + + +     Vision   .   B - +7 great mace "Firestarter" {inner flame, rF++}
rCold    + . .     Gourm    .   k - +5 energetic staff of transmutation
rNeg     . . .     Faith    .   (helmet restricted)
rPois    +         Spirit   .   (no amulet)
rElec    +         Reflect  .   s - ring of dexterity
rCorr    +         Harm     .   t - ring of dexterity
MR       .....     NoTele   +   u - ring of intelligence
Stlth    +++++.....             v - ring of intelligence
HPRegen  0.33/turn              w - ring of strength
MPRegen  0.34/turn              x - ring of strength
                                G - ring of wizardry
                                (no ring)

@: resistant
A: almost no armour, stealthy swim, gelatinous body, amphibious, 8 rings,
constrict 8, camouflage 1, AC +1
a: Renounce Religion


You were in the Dungeon.
You worshipped Vehumet.
Vehumet was extremely pleased with you.
You were not hungry.

You visited 1 branch

Inventory:

Weapons
 B - the +7 great mace "Firestarter" (weapon) {inner flame, rF++}
   (You found it in the Dungeon)

   Its malleable surface is completely molten, allowing it to meld around and
   partially ignore armour.
   Causes less base damage than a standard weapon; but partially ignores enemy's
   defense and burns causing additional damage to those that don't resist heat.
   It greatly protects you from fire.
   Shields
 F - a +2 buckler of protection
Magical Staves
 k - a +5 energetic staff of transmutation (weapon)
 C - the +6 Majin-Bo {vampiric, corrupt archmagi; MP+6 Int+6}
   (You found it in the Dungeon)

   [staff of ]

   Base accuracy: +5 Base damage: 5 Base attack delay: 1.2 This weapon's minimum
   attack delay (0.6) is reached at skill level 12.
   The minimum and maximum damage of damaging spells cast with this staff are
   significantly increased.
   It falls into the 'Staves' category.
   It is one handed.
   Its enchantment grants additive spellpower to the spells it enhances.
Jewellery
 s - a ring of dexterity (left tentacle)
 t - a ring of dexterity (right tentacle)
 u - a ring of intelligence (on tentacle)
 v - a ring of intelligence (on tentacle)
 w - a ring of strength (on tentacle)
 x - a ring of strength (on tentacle)
 G - a ring of wizardry (on tentacle)
 J - a cursed amulet of chaos {(Curse: MP-9 Slay-5)}
Wands
 y - a wand of disintegration (7)
 z - a wand of iceblast (7)
 A - a wand of acid (7)
 I - a wand of ensnaring (1)
Scrolls
 h - 4 scrolls of blinking
 n - 4 scrolls of amnesia
 o - 7 scrolls of fog
 p - a scroll of holy word
 q - 5 scrolls of bless item
 r - 2 scrolls of fear
Potions
 a - 2 potions of brilliance
 c - 9 potions of curing
 d - 9 potions of heal wounds
 e - 6 potions of haste
 f - 7 potions of magic
 g - 3 potions of berserk rage
 i - 2 potions of invisibility
 j - 3 potions of resistance
 l - 5 potions of agility
 m - 5 potions of might
Miscellaneous
 D - a crystal ball of energy
 E - a lightning rod (4/4)
 H - a phial of floods
 K - a box of beasts
 L - a lamp of fire
Comestibles
 b - 7 rations


   Skills:
 + Level 10.9 Fighting
 + Level 11.1 Dodging
 - Level 2.6 Stealth
 + Level 11.2 Spellcasting
 + Level 1.5 Charms
 + Level 11.4 Fire Magic


You had 14 spell levels left.
You knew the following spells:

 Your Spells              Type           Power        Failure   Level  Hunger
a - Foxfire               Fire           25 (25)      1%          1    None
b - Fireball              Fire           71 (200)     1%          5    ###....
c - Iskenderun's Battles  Chrm/Erth      21 (100)     8%          5    ###....
d - Bolt of Magma         Fire/Erth      50 (200)     1%          5    ###....

Your spell library contained the following spells:

 Spells                   Type           Power        Failure   Level  Hunger
 Flame Tongue             Fire           30 (30)      1%          1    None
 Shock                    Air            16 (25)      1%          1    None
 Searing Ray              Fire           50 (50)      1%          2    None
 Throw Frost              Ice            16 (50)      1%          2    None
 Conjure Flame            Fire           71 (100)     1%          3    None
 Ignite Poison            Fire/Tmut      82 (100)     1%          3    None
 Inner Flame              Hex/Fire       50 (100)     1%          3    None
 Sticky Flame             Fire/Pois      50 (100)     1%          4    None
 Hailstorm                Ice            16 (100)     3%          4    None
 Olgreb's Toxic Radiance  Pois           16 (100)     3%          4    None
 Iron Shot                Erth           16 (200)     41%         6    #####..
 Iskenderun's Icy Sphere  Ice            16 (200)     88%         7    ######.
 Spellforged Servitor     Summ           16 (200)     88%         7    ######.


Dungeon Overview and Level Annotations

Branches:
Dungeon (1/1)

Altars:
Ashenzari
Cheibriados
Dithmenos
Elyvilon
Fedhas Madash
Gozag Ym Sagoz
Hepliaklqana
Kikubaaqudgha
Makhleb
Nemelex Xobeh
Okawaru
Qazlal
Ru
Sif Muna
Trog
Uskayaw
Vehumet
Wu Jian
Xom
Yredelemnul
Zin
The Shining One Bahamut & Tiamat
Beogh
Jiyva
Lugonu


Innate Abilities, Weirdness & Mutations

You cannot wear most types of armour.
You are very stealthy in the water. (Stealth+)
Your gelatinous body helps endure attacks. (AC+1 EV+1)
Your is resilient. (AC +1)
You are amphibious.
You can wear up to eight rings at the same time.
You can use your tentacles to constrict three enemies at once.
Your skin changes colour to match your surroundings (Stealth++).


Message History

You resist.
Hathups launches a betwitched ball of cold.
A ball of snow and ice comes into view.
Casting: Fireball (safe; 1% risk of failure)
Confirm with . or Enter, or press ? or * to list all spells.
Aiming: Fireball (safe; 1% risk of failure)
Press: ? - help, Shift-Dir - straight line, f/p - Hathups
Aim: Hathups (healthy (173/173))
The fireball explodes!
The fireball engulfs Hathups (8)!
Hathups resists.
Hathups is lightly wounded. (165/173) HP The fireball engulfs the iron imp (0).
The iron imp completely resists.
The iron imp is healthy. (19/19) HP You are engulfed in freezing vapours (3).
You resist. The ice encasing you melts away. Hathups gestures at you.
Hathups conjures a mighty blast of ice!
The great icy blast engulfs you (54)!!! You partially resist.
Ouch! That really hurt!
You die...

▓..:5}..▓
▓...[)..▓
▓...5...▓
▓.§.&.§5▓
▓§§§*§§§▓
§§§§☼§§
▓§▓○☼§▓§▓
▓○○○@°.§▓
▓▓▓▓▓▓▓▓▓


You could see Hathups, 2 iron imps and an ufetubus.

Vanquished Creatures
  A blizzard demon (D)
  2 yaks (D)
  2 slime creatures (D)
  A phantom (D)
  A floating eye (D)
  A porcupine (D)
  2 scorpions (D)
  A wight (D)
  An iguana (D)
  3 white imps (D)
  A spectral cinder newt (D)
  A bat skeleton (D)
  A jackal skeleton (D)
  A leopard gecko zombie (D)
19 creatures vanquished.

Vanquished Creatures (others)
  2 foxfires (D)
2 creatures vanquished.

Grand Total: 21 creatures vanquished

Notes
Turn   | Place    | Note
-------+----------+-------------------------------------------
     0 | D        | diana the Octopode Fire Elementalist began the quest for
                  | the Orb.
     0 | D        | Reached XP level 1. HP: 11/11 MP: 3/3
     0 | D        | Found a shimmering blue altar of Sif Muna.
     0 | D        | Found a sacrificial altar of Ru.
     0 | D        | Found a bloodstained altar of Trog.
     0 | D        | Found a stormy altar of Qazlal.
     0 | D        | Found an iron altar of Okawaru.
     0 | D        | Found a sparkling altar of Nemelex Xobeh.
     0 | D        | Found a blossoming altar of Fedhas.
     1 | D        | Found the +6 Majin-Bo {vampiric, corrupt archmagi; MP+6
                  | Int+6}
     1 | D        | Found the +9 ballista "Sniper" {velocity, Acc+∞ +Vis}
     1 | D        | Found the +10 dark maul {crush}
     1 | D        | Found the +15 Maxwell's patent armour {-Cast -Tele rElec
                  | MR+ rCorr}
     1 | D        | Found the +18 shield of the Gong {rElec rN+ MR+ EV-5}
     1 | D        | Found the +14 obsidian axe {chop, +Fly +Vis Soulbond}
     1 | D        | Found the +7 great mace "Firestarter" {inner flame, rF++}
     1 | D        | Found the +6 shillelagh "Devastator" {shatter}
     1 | D        | Found the +11 plutonium sword {*Contam Stlth-}
     1 | D        | Found the +8 lance "Wyrmbane" {slay drac, rPois rF+ rC+
                  | AC+3}
     1 | D        | Found the +9 sword of Zonguldrok {reap}
     1 | D        | Found the +13 scythe of Curses {drain, Soulbond}
     1 | D        | Found the +0 sword of Power
     1 | D        | Found the +7 mace of Variability {chain chaos}
     1 | D        | Found the +7 Singing Sword {slice, sonic wave}
     1 | D        | Found the +8 storm bow {elec, penet}
     2 | D        | Found a transporter.
     2 | D        | Found an ancient bone altar of Kikubaaqudgha.
     2 | D        | Found a viscous altar of Jiyva.
     2 | D        | Found a corrupted altar of Lugonu.
     2 | D        | Found a hazy altar of Hepliaklqana.
     2 | D        | Found a burning altar of Makhleb.
     2 | D        | Found an opulent altar of Gozag.
    97 | D        | Became a worshipper of Vehumet
   119 | D        | Reached skill level 5 in Fire Magic
   119 | D        | Reached XP level 2. HP: 22/22 MP: 3/7
   143 | D        | Entered arena 2.
   143 | D        | Noticed a scorpion
   143 | D        | Noticed a scorpion
   143 | D        | Found a transporter.
   145 | D        | Killed a scorpion
   145 | D        | Reached skill level 5 in Fighting
   145 | D        | Reached XP level 3. HP: 29/29 MP: 6/10
   145 | D        | Reached XP level 4. HP: 35/35 MP: 7/12
   148 | D        | Killed a scorpion
   148 | D        | Reached XP level 5. HP: 11/42 MP: 8/14
   251 | D        | Learned a level 5 spell: Fireball
   251 | D        | Entered arena 3.
   251 | D        | Noticed a slime creature
   251 | D        | Noticed a floating eye
   251 | D        | Noticed a slime creature
   251 | D        | Found a transporter.
   252 | D        | Killed a floating eye
   252 | D        | Reached * piety under Vehumet
   252 | D        | Offered knowledge of Shock by Vehumet.
   252 | D        | Reached XP level 6. HP: 49/49 MP: 9/16
   256 | D        | Killed a slime creature
   257 | D        | Killed a slime creature
   257 | D        | Reached XP level 7. HP: 45/56 MP: 5/19
   317 | D        | Entered arena 4.
   317 | D        | Noticed a blizzard demon
   317 | D        | Found a transporter.
   318 | D        | Reached ** piety under Vehumet
   318 | D        | Offered knowledge of Flame Tongue by Vehumet.
   320 | D        | Killed a blizzard demon
   320 | D        | Offered knowledge of Throw Frost by Vehumet.
   320 | D        | Reached skill level 10 in Fighting
   320 | D        | Reached skill level 10 in Dodging
   320 | D        | Reached skill level 10 in Spellcasting
   320 | D        | Reached skill level 10 in Fire Magic
   320 | D        | Reached XP level 8. HP: 64/64 MP: 5/22
   321 | D        | Reached *** piety under Vehumet
   389 | D        | Entered arena 5.
   389 | D        | Found a transporter.
   390 | D        | Offered knowledge of Olgreb's Toxic Radiance by Vehumet.
   391 | D        | Reached **** piety under Vehumet
   391 | D        | Reached XP level 9. HP: 71/71 MP: 16/24
   413 | D        | Learned a level 5 spell: Iskenderun's Battlesphere
   419 | D        | Learned a level 5 spell: Bolt of Magma
   429 | D        | Entered arena 6.
   429 | D        | Found a transporter.
   430 | D        | Found the +5 scythe "Finisher" {speed, eviscerate}
   430 | D        | Offered knowledge of Ignite Poison by Vehumet.
   432 | D        | Reached skill level 1 in Charms
   433 | D        | Reached ***** piety under Vehumet
   433 | D        | Offered knowledge of Hailstorm by Vehumet.
   472 | D        | Entered arena 7.
   472 | D        | Noticed Hathups the pandemonium lord
   476 | D        | Killed from afar by Hathups the pandemonium lord

Levels and vault maps discovered:
D:        sprint_v [room_start, room_1, room_2, room_3, room_4, room_5, room_6,
          room_7, room_8, room_9, room_10, room_11, room_12, room_13, room_14,
          room_15, room_16, room_17, room_18, room_19, room_20, room_21,
          room_22, room_23, room_24, room_25, room_26, room_27]

Skill      XL: |  1  2  3  4  5  6  7  8  9 |
---------------+----------------------------+-----
Fighting       | 3 5 6 7 8 10 | 10.9
Dodging        | 4 6 7 8 10 11 | 11.1
Spellcasting   | 4 6 7 8 10 11 | 11.2
Fire Magic     | 5 6 7 8 9 10 11 | 11.4
Charms         | 1 |  1.5
Stealth        | |  2.6

Action                   |  1- 3 |  4- 6 |  7- 9 || total
-------------------------+-------+-------+-------++-------
Melee: Great mace        |       |     3 |       ||     3
       Unarmed           |       |     1 |       ||     1
       Tentacle Slap     |       |     1 |       ||     1
 Cast: Foxfire           |     1 |       |       ||     1
       Fireball          |       |     2 |     9 ||    11
       Bolt of Magma     |       |       |     3 ||     3
Evoke: Lightning rod     |     1 |     4 |       ||     5
  Use: Potion            |     1 |     1 |     2 ||     4
Dodge: Dodged            |       |     2 |     2 ||     4
